 Dungeon Crawl Stone Soup version 0.24-a0-10-gb84795d (webtiles) character file.

Game seed: 13052347264647331543

40 Lanoc the Skirmisher (level 3, -8/43 HPs)
             Began as a Demonspawn Chaos Knight on Jan 31, 2019.
             Was a Plaything of Xom.
             Mangled by an ice beast (12 damage)
             ... on level 2 of the Dungeon.
             The game lasted 00:01:58 (988 turns).

Lanoc the Skirmisher (Demonspawn Chaos Knight)       Turns: 988, Time: 00:02:00

Health: -8/43      AC:  6    Str: 18    XL:     3   Next: 30%
Magic:  0/3        EV: 15    Int: 13    God:    Xom [*.....]
Gold:   75         SH:  0    Dex: 17    Spells: 2/2 levels left

rFire    . . .     SeeInvis .   a - +0 hand axe (chaos)
rCold    . . .     Gourm    .   (no shield)
rNeg     . . .     Faith    .   e - +0 scale mail (curse)
rPois    .         Spirit   +   (no helmet)
rElec    .         Reflect  .   (no cloak)
rCorr    +         Harm     .   (no gloves)
MR       .....                  (no boots)
Stlth    ..........             f - amulet of guardian spirit
HPRegen  0.14/turn              d - ring of resist corrosion
MPRegen  0.08/turn              (no ring)

@: agile, berserking, very quick
A: hooves 1, powered by pain 1
a: Renounce Religion


You were on level 2 of the Dungeon.
You worshipped Xom.
You were a special plaything of Xom.
You were not hungry.

You visited 1 branch of the dungeon, and saw 2 of its levels.

You collected 75 gold pieces.

Inventory:

Hand Weapons
 a - a +0 hand axe of chaos (weapon)
Armour
 e - a cursed +0 scale mail (worn)
 j - a +3 chain mail
Jewellery
 d - a ring of resist corrosion (left hand)
 f - an amulet of guardian spirit (around neck)
Scrolls
 b - a scroll of immolation {unknown}
 g - a scroll of blinking {unknown}
 i - 2 scrolls of identify {unknown}
 l - a scroll of teleportation {unknown}
Potions
 h - a potion of invisibility {unknown}
Comestibles
 c - 4 rations


   Skills:
 + Level 3.4 Fighting
 * Level 3.1 Axes
 + Level 2.2 Armour
 + Level 1.5 Dodging


You had 2 spell levels left.
You didn't know any spells.
Your spell library was empty.

Dungeon Overview and Level Annotations

Branches:
Dungeon (2/15)

Altars:
Okawaru


Innate Abilities, Weirdness & Mutations

You have large cloven feet.
You sometimes gain a little power by taking damage.


Message History

A shower of butterflies erupts from you!
You focus on the pain.
You feel your power returning. Something hits you. Something freezes you.
You swap places.
Something closely misses your butterfly.
Something hits your butterfly.
Your butterfly dies!
Something hits you but does no damage. Something hits you.
Something freezes you!
* * * LOW HITPOINT WARNING * * *
You focus on the pain.
You feel agile all of a sudden.
It was a potion of berserk rage.
A red film seems to cover your vision as you go berserk!
You feel yourself moving faster!
You feel mighty!
Xom thinks this is hilarious!
Something hits you.
* * * LOW HITPOINT WARNING * * *
Something freezes you!
You die...

### #.# #.#
#.######################
#......@.......#........
###.##########.b......##..
########....#
#.#.#.##.....
.......'....#
#.#.#.##..##†
########..(.#######
#.#.#.##..#..
##>..............#
#.#...##.....
##.........#.#..#.#
#.######...._
.....(###..#.##.#.#
#..........).
##....###..#.##...#
#..####...#..


There were no monsters in sight!

Vanquished Creatures
  2 dart slugs
  A ball python (D:2)
  6 bats
  8 goblins
  5 hobgoblins (D:1)
  4 kobolds
  A frilled lizard (D:1)
  5 rats
32 creatures vanquished.

Notes
Turn   | Place    | Note
-------+----------+-------------------------------------------
     0 | D:1      | Lanoc the Demonspawn Chaos Knight began the quest for the
                  | Orb.
     0 | D:1      | Reached XP level 1. HP: 18/18 MP: 1/1
    16 | D:1      | Reached skill level 1 in Dodging
   209 | D:1      | XOM: harmless Air miscast
   304 | D:1      | Gained mutation: You have large cloven feet. [demonic
                  | ancestry]
   304 | D:1      | Reached XP level 2. HP: 24/24 MP: 2/2
   395 | D:1      | XOM: harmless Ice miscast
   795 | D:2      | Gained mutation: You sometimes gain a little power by
                  | taking damage. [demonic ancestry]
   795 | D:2      | Reached XP level 3. HP: 29/29 MP: 3/3
   864 | D:2      | Found an iron altar of Okawaru.
   973 | D:2      | Noticed an ice beast
   979 | D:2      | XOM: butterfly on damage
   988 | D:2      | Mangled by an ice beast

Vault maps used:
D:1:      dpeg_arrival_morbid_curiosity
D:2:      okawaru_gym_becter

Skill      XL: |  1  2 |
---------------+-------+-----
Dodging        | 1 |  1.5
Armour         | 2 |  2.2
Axes           | 3 |  3.1
Fighting       | |  3.4

Action                   || total
-------------------------++-------
Melee: Hand axe          ||    98
       Kick              ||    13
  Use: Potion            ||     1
Armor: Scale mail        ||    56
       Leather armour    ||     5
Dodge: Dodged            ||    73

Table legend:
 A = Non-vault XP
 B = Vault XP
 C = Vault XP percentage of total XP
 D = Non-vault monster count
 E = Vault monster count
 F = Vault count percentage of total count
                 A         B        C        D         E       F
            +---------+---------+-------+---------+---------+-------
      Total |      49 |       9 |  15.5 |      27 |       5 |  15.6
            +---------+---------+-------+---------+---------+-------
        D:1 |      27 |       9 |  25.0 |      15 |       5 |  25.0
        D:2 |      22 |       0 |   0.0 |      12 |       0 |   0.0
            +---------+---------+-------+---------+---------+-------
